 Dungeon Crawl Stone Soup version 0.17.1-3-g152610e (webtiles) character file.

85 MrTails the Chopper (level 4, -2/35 HPs)
             Began as a Demonspawn Berserker on Feb 24, 2016.
             Was a Believer of Trog.
             Slain by an orc
             ... wielding a +0 flail
              (5 damage)
             ... on level 3 of the Dungeon.
             The game lasted 00:03:36 (1891 turns).

MrTails the Chopper (Demonspawn Berserker)          Turns: 1891, Time: 00:03:37

Health: -2/35      AC:  2    Str: 18    XL:     4   Next: 25%
Magic:  0/4        EV: 12    Int:  8    God:    Trog [**....]
Gold:   74         SH:  0    Dex: 13    Spells: 0 memorised, 3 levels left

rFire  . . .     SeeInvis .     a - +0 hand axe
rCold  . . .     Clarity  .     b - +0 animal skin
rNeg   . . .     SustAt   .     (no shield)
rPois  .         Gourm    .     (no helmet)
rElec  .         Spirit   +     (no cloak)
rCorr  .         Warding  .     (no gloves)
rMut   .         Stasis   .     (no boots)
MR     .....                    (no amulet)
Stlth  +.........               (no ring)
                                (no ring)

@: lethally poisoned (-2 -> -6), not resistant to hostile enchantments, very
unstealthy
A: claws 1, hooves 1, magic shield
a: Berserk, Trog's Hand, Burn Spellbooks, Renounce Religion


You were on level 3 of the Dungeon.
You worshipped Trog.
Trog was pleased with you.
You were not hungry.

You visited 1 branch of the dungeon, and saw 3 of its levels.

You collected 74 gold pieces.

Inventory:

Hand Weapons
 a - a +0 hand axe (weapon)
Armour
 b - a +0 animal skin (worn)
 j - a +0 chain mail
Jewellery
 h - a cursed amulet of inaccuracy {unknown}
 n - a +1 ring of evasion {unknown}
Scrolls
 d - a scroll of random uselessness {unknown}
 e - a scroll of blinking {unknown}
 i - a scroll of teleportation {unknown}
 k - 2 scrolls of identify {unknown}
 l - a scroll of fear {unknown}
Potions
 g - a potion of heal wounds {unknown}
 m - 2 potions of invisibility {unknown}
 o - 2 potions of curing {unknown}
 p - a potion of flight {unknown}
 q - a potion of magic {unknown}
Comestibles
 c - 5 bread rations
 f - a chunk of flesh


   Skills:
 + Level 3.3 Fighting
 * Level 4.0 Axes
 + Level 2.5 Armour
 - Level 1.7 Dodging


You had 3 spell levels left.
You didn't know any spells.

Dungeon Overview and Level Annotations

Branches:
Dungeon (3/15)

Altars:
Okawaru
Xom


Innate Abilities, Weirdness & Mutations

You have sharp fingernails.
You have large cloven feet.
When hurt, damage is shared between your health and your magic reserves.


Message History

You miss the adder. You kick the adder, but do no damage.
The adder is almost dead.
You closely miss the orc.
The orc is moderately wounded.
You hit the hobgoblin.
You kill the hobgoblin!
Trog accepts your kill.
* * * LOW HITPOINT WARNING * * *
You feel sick. The adder barely misses you. The orc barely misses you.
The adder barely misses you.
You hit the adder.
You kill the adder!
Trog accepts your kill.
Your Axes skill increases to level 4!
You hit the orc but do no damage.
The orc is moderately wounded.
* * * LOW HITPOINT WARNING * * *
You feel sick. The orc barely misses you. The orc hits you with a flail!
You die...

.........
.........#
..#.#....#
..._.....#
..#.#....#
.........#####
.............#
......g@o#
.........#
########(#
#...(.# #
#.###.# ..
#.....#
###.###....##
...........###
#####.......#


You could see an orc and a hobgoblin.

Vanquished Creatures
  3 adders
  A worm (D:2)
  2 orcs (D:3)
  2 ball pythons
  7 bats
  3 giant cockroaches
  4 goblins
  7 hobgoblins
  A quokka (D:2)
  2 giant newts (D:1)
  9 jackals
  8 kobolds
  3 rats
52 creatures vanquished.

Notes
Turn   | Place    | Note
--------------------------------------------------------------
     0 | D:1      | MrTails the Demonspawn Berserker began the quest for the Orb.
     0 | D:1      | Reached XP level 1. HP: 18/18 MP: 1/1
    74 | D:1      | Gained mutation: You have sharp fingernails. [demonic ancestry]
    74 | D:1      | Reached XP level 2. HP: 6/24 MP: 2/2
   829 | D:2      | Gained mutation: When hurt, damage is shared between your health and your magic reserves. [demonic ancestry]
   829 | D:2      | Reached XP level 3. HP: 13/29 MP: 3/3
   990 | D:2      | Found an iron altar of Okawaru.
  1047 | D:2      | Reached ** piety under Trog
  1756 | D:2      | Gained mutation: You have large cloven feet. [demonic ancestry]
  1756 | D:2      | Reached XP level 4. HP: 21/35 MP: 2/4
  1877 | D:3      | Found a shimmering altar of Xom.
  1890 | D:3      | Reached skill level 4 in Axes
  1891 | D:3      | Slain by an orc

Action                   |  1- 3 |  4- 6 || total
-------------------------+-------+-------++-------
Melee: Hand axe          |   165 |    17 ||   182
Invok: Berserk           |     2 |       ||     2
  Eat: Chunk             |     2 |       ||     2
       Meat ration       |     1 |       ||     1
